cohdb
Replays
Latest Replays
All Replays
Popular Replays
Top Player Replays
Match Explorer
How It Works
Community
CoH3 Stats
Reddit
Sign in to upload your games and track your stats! →
Sign in with Steam
Match 45537020
Unlisted
Match 45537020
Overview
Messages
Build Orders
End
Kettenkrad Recon Vehicle
Construct Infanterie Kompanie
Selects Mechanized Battlegroup
MG 42 Machine Gun Team
MG 42 Machine Gun Team
Grenadier Squad
Construct Panzergrenadier Kompanie
251 Medium Carrier
Panzergrenadier Squad
Selects Raid Package
Selects StuG Assault Group
StuG Assault Group
Medical Station
Selects Spotting Scopes
Selects Stoßtruppen Assault Package
StuG Assault Group
Support Elements
Selects Mechanized Assault
StuG III G Assault Gun
Mechanized Assault
StuG Assault Group
StuG III G Assault Gun
Mechanized Assault
StuG III G Assault Gun
Pioneer Squad
Mechanized Assault
Grenadier Squad
Selects Panther Heavy Tank
Panther Heavy Tank
StuG Assault Group
StuG III G Assault Gun
Mechanized Assault
Grenadier Squad
Panther Heavy Tank
Sunnyshir
【PZV】幸运的雪风酱Ciallo~(∠・ω< )⌒★
KLUI
琥珀豆皮小姐
Skull Throne
CommieRed
Thank You Chef
Kray-Tos
0
0
Comments
sign in to comment!
No comments posted yet!